 Dungeon Crawl Stone Soup version 0.17-a0-1115-g0372368 (webtiles) character file.

9503 Bubblegod the Cleaver (level 11, -9/91 HPs)
             Began as a Mottled Draconian Berserker on May 23, 2015.
             Was a High Priest of Trog.
             Killed by divine providence
             ... invoked by an orc high priest
              (13 damage)
             ... on level 4 of the Orcish Mines.
             The game lasted 01:00:42 (11118 turns).

Bubblegod the Cleaver (DrBe)                       Turns: 11118, Time: 01:00:42

Health: -9/91      AC:  9    Str: 23    XL:     11   Next: 23%
Magic:  3/3        EV: 14    Int:  7    God:    Trog [*****.]
Gold:   844        SH: 15    Dex: 11    Spells: 0 memorised, 10 levels left

rFire  . . .     SeeInvis .     e - +4 broad axe (antimagic)
rCold  . . .     Clarity  .     (armour unavailable)
rNeg   . . .     SustAt   .     u - +4 shield
rPois  .         Gourm    .     (helmet restricted)
rElec  .         Spirit   .     y - +1 cloak
rCorr  .         Warding  .     (no gloves)
rMut   .         Stasis   .     (no boots)
MR     .....                    (no amulet)
Stlth  ++........               (no ring)
                                c - ring of stealth

@: exhausted, slowed, very slow, not resistant to hostile enchantments,
unstealthy
A: breathe sticky flame splash, unfitting armour, cold-blooded, AC +7
a: Breathe Sticky Flame, Burn Spellbooks, Berserk, Trog's Hand, Brothers in
Arms, Renounce Religion


You were on level 4 of the Orcish Mines.
You worshipped Trog.
Trog was extremely pleased with you.
You were hungry.

You visited 2 branches of the dungeon, and saw 13 of its levels.

You collected 1145 gold pieces.
You spent 301 gold pieces at shops.

Inventory:

Hand weapons
 a - a +3 dire flail
 d - a +1 scimitar of flaming
 e - a +4 antimagic broad axe (weapon)
 n - a +1 flail of protection
 r - a +0 shortbow of evasion
 A - a +4 whip
 C - a +2 flail of draining
 I - a +0 mace of holy wrath
Missiles
 h - 296 stones
 k - 9 tomahawks
 s - 55 arrows
 J - 5 steel tomahawks (quivered)
Armour
 u - a +4 shield (worn)
 y - a +1 cloak (worn)
Jewellery
 c - a ring of stealth (left hand)
 G - an uncursed ring of fire
Magical devices
 f - a wand of lightning (5)
 v - a wand of digging (15)
 x - a wand of random effects (17)
Scrolls
 j - a scroll of magic mapping
 l - 5 scrolls of remove curse
 m - 2 scrolls of teleportation
 D - a scroll of vulnerability {unknown}
 E - a scroll of fear {unknown}
Potions
 g - 7 potions of mutation
 i - a potion of curing {unknown}
 o - 3 potions of berserk rage {unknown}
 p - a potion of agility
 t - a potion of might {unknown}
 z - 2 potions of poison {unknown}
 B - a potion of invisibility {unknown}
 F - a potion of flight {unknown}
 H - a potion of haste {unknown}
Comestibles
 b - 2 bread rations
 q - 8 chunks of flesh
 w - 2 royal jellies


   Skills:
 + Level 6.9 Fighting
 + Level 10.8(11.1) Axes
 - Level 3.8(8.0) Maces & Flails
 + Level 8.5 Dodging
 - Level 0.6 Stealth
 - Level 9.0 Shields


You had 10 spell levels left.
You didn't know any spells.

Dungeon Overview and Level Annotations

Branches:
Dungeon (9/15)             Temple (0/1) D:7             Orc (4/4) D:9
    Elf (0/3) Orc:4
   Lair: D:8-11

Altars:
Cheibriados
Elyvilon
Gozag
Kikubaaqudgha
Makhleb
Nemelex Xobeh
Qazlal
Ru
Trog
Zin
The Shining One
Beogh
Jiyva

Shops:
Orc:1 ?


Innate Abilities, Weirdness & Mutations

You can spit globs of burning liquid.
You can ignite nearby creatures when you spit burning liquid.
Your weird mottled scales are hard (AC +7).
Your body does not fit into most forms of armour.
You are cold-blooded and may be slowed by cold attacks.


Message History

The sixfirhy hits you. The sixfirhy shocks you!
You block the orc warrior's attack.
The orc warrior hits you with a dire flail!
You block the sixfirhy's attack.
The orc high priest mumbles some strange prayers to Beogh.
The orc warrior hits you with a war axe!
* * * LOW HITPOINT WARNING * * *
The orc warrior closely misses you. The sixfirhy hits you!
* * * LOW HITPOINT WARNING * * *
The sixfirhy shocks you!
* * * LOW HITPOINT WARNING * * *
You continue eating.
The sixfirhy disappears in a puff of smoke!
You block the orc warrior's attack. x2
You continue eating.
You block the orc warrior's attack. You block the rust devil's attack.
You block the orc warrior's attack. The orc warrior closely misses you.
The orc high priest invokes the aid of Beogh against you.
Something smites you!
You die...

..............
#............
#............
#............
#...†).......
##...))).....$
#....#........
##4o)##........
#oo@.#.$.......
..÷..3o.##.........
#..##....o4##..........
....###...##...........
$....#####............
#....................
#...................
###.#................
##.#..................


You could see an orc high priest, 2 rust devils, a chaos spawn, 3 orc warriors
and an orc.

Vanquished Creatures
  Erolcha (Orc:1)
  Erica (Orc:1)
  The ghost of Monkaria the Carver, an experienced DsCK of Xom (D:8)
  Pikel (D:7)
  An orc knight (Orc:4)
  Maurice (Orc:3)
  The ghost of Bubblegod the Ruffian, an experienced DrMo of Zin (D:7)
  A troll (D:8)
  A two-headed ogre (D:7)
  A wyvern (D:8)
  Eustachio (D:6)
  A hippogriff (D:8)
  Duvessa (D:5)
  8 ogres
  A wasp (D:7)
  An ice beast (D:8)
  2 centaurs
  A black bear (D:8)
  2 phantoms
  A sky beast (D:5)
  7 orc warriors
  The ghost of Monkaria the Skirmisher, an average DsCK of Xom (D:3)
  11 big kobolds
  3 giant frogs
  Dowan (D:5)
  A wyvern zombie (D:8)
  2 scorpions
  A crimson imp (D:7)
  3 jellies
  6 hounds
  A centaur zombie (D:6)
  A giant frog skeleton (D:5)
  2 centaur skeletons (D:8)
  12 orc priests
  2 iguanas
  14 orc wizards
  4 worker ants
  A killer bee zombie (D:6)
  2 hound skeletons
  A hound zombie (D:7)
  6 adders
  18 gnolls
  A river rat (D:6)
  2 shadow imps
  4 oozes
  2 worms (D:2)
  2 giant geckos
  114 orcs
  8 giant cockroaches
  14 goblins
  16 hobgoblins
  3 quokkas
  2 ball pythons
  14 bats
  A giant gecko skeleton (D:4)
  3 giant newts
  8 jackals
  40 kobolds
  A quokka zombie (D:5)
  19 rats
  A fungus (Orc:1)
  4 plants (D:4)
388 creatures vanquished.

Vanquished Creatures (collateral kills)
  An orc wizard (Orc:1)
1 creature vanquished.

Vanquished Creatures (others)
  A two-headed ogre (Orc:1)
  A sky beast (D:7)
  An orc wizard (D:7)
  An orc priest (D:7)
  An orc (D:7)
  A hobgoblin (D:7)
  A kobold (D:7)
  3 plants (D:4)
10 creatures vanquished.

Grand Total: 399 creatures vanquished

Notes
Turn   | Place    | Note
--------------------------------------------------------------
     0 | D:1      | Bubblegod the Draconian Berserker began the quest for the Orb.
     0 | D:1      | Reached XP level 1. HP: 19/19 MP: 1/1
   116 | D:1      | Reached XP level 2. HP: 26/26 MP: 2/2
   505 | D:1      | Acquired Trog's second power
   723 | D:2      | Found a stormy altar of Qazlal.
   723 | D:2      | Found a burning altar of Makhleb.
   806 | D:2      | Reached XP level 3. HP: 27/31 MP: 3/3
   995 | D:2      | Reached skill level 4 in Axes
  1414 | D:2      | Reached XP level 4. HP: 30/38 MP: 4/4
  1752 | D:3      | Reached skill level 5 in Axes
  2062 | D:3      | Noticed Monkaria's ghost (average DsCK)
  2086 | D:3      | Paralysed by Monkaria's ghost for 3 turns
  2091 | D:3      | Killed Monkaria's ghost
  2091 | D:3      | Reached skill level 6 in Axes
  2091 | D:3      | Reached XP level 5. HP: 16/45 MP: 5/5
  2671 | D:3      | Found a glowing silver altar of Zin.
  2671 | D:3      | Found a glowing golden altar of the Shining One.
  2672 | D:3      | Found a white marble altar of Elyvilon.
  3030 | D:4      | Noticed a phantom
  3037 | D:4      | Reached XP level 6. HP: 51/51 MP: 6/6
  3049 | D:4      | Killed a phantom
  3100 | D:4      | Reached skill level 7 in Axes
  3282 | D:4      | Acquired Trog's third power
  3818 | D:4      | Your scales start taking on a weird mottled colour.
  3818 | D:4      | Reached XP level 7. HP: 57/57 MP: 7/7
  3919 | D:4      | Reached skill level 8 in Axes
  4191 | D:4      | Found an opulent altar of Gozag.
  4192 | D:4      | Found a sparkling altar of Nemelex Xobeh.
  4192 | D:4      | Noticed an ogre
  4201 | D:4      | Killed an ogre
  4780 | D:5      | Entered Level 5 of the Dungeon
  4815 | D:5      | Reached skill level 9 in Axes
  4959 | D:5      | Found a snail-covered altar of Cheibriados.
  4976 | D:5      | Found a viscous altar of Jiyva.
  5011 | D:5      | Noticed Duvessa
  5015 | D:5      | Noticed Dowan
  5021 | D:5      | Killed Duvessa
  5021 | D:5      | Reached XP level 8. HP: 63/63 MP: 8/8
  5034 | D:5      | Killed Dowan
  5342 | D:5      | Reached skill level 5 in Shields
  5887 | D:6      | Noticed Eustachio
  5907 | D:6      | Killed Eustachio
  6017 | D:6      | Found a sacrificial altar of Ru.
  6017 | D:6      | Found an ancient bone altar of Kikubaaqudgha.
  6179 | D:6      | Reached XP level 9. HP: 48/70 MP: 9/9
  6774 | D:7      | Found a staircase to the Ecumenical Temple.
  6951 | D:7      | Noticed Bubblegod's ghost (experienced DrMo)
  6976 | D:7      | Killed Bubblegod's ghost
  7047 | D:7      | Found a bloodstained altar of Trog.
  7098 | D:7      | Noticed Pikel
  7115 | D:7      | Killed Pikel
  7115 | D:7      | Reached skill level 10 in Axes
  7242 | D:7      | Paralysed by a wasp for 3 turns
  7690 | D:7      | Reached skill level 5 in Fighting
  7690 | D:7      | Reached skill level 5 in Dodging
  8053 | D:8      | Noticed Monkaria's ghost (experienced DsCK)
  8064 | D:8      | Killed Monkaria's ghost
  8064 | D:8      | Reached XP level 10. HP: 76/81 MP: 10/10
  8276 | D:8      | Received a gift from Trog
  9053 | D:8      | Reached skill level 1 in Maces & Flails
  9283 | D:9      | Found a staircase to the Orcish Mines.
  9292 | Orc:1    | Entered Level 1 of the Orcish Mines
  9367 | Orc:1    | Noticed Erolcha
  9369 | Orc:1    | Found a roughly hewn altar of Beogh.
  9373 | Orc:1    | Killed Erolcha
  9443 | Orc:1    | Found Lajown's Magic Scroll Shoppe.
  9589 | Orc:1    | Bought a scroll of remove curse for 42 gold pieces
  9589 | Orc:1    | Bought a scroll of remove curse for 42 gold pieces
  9589 | Orc:1    | Bought a scroll of remove curse for 42 gold pieces
  9589 | Orc:1    | Bought a scroll of enchant armour for 105 gold pieces
  9589 | Orc:1    | Bought a scroll of remove curse for 42 gold pieces
  9589 | Orc:1    | Bought a scroll of identify for 28 gold pieces
  9776 | Orc:1    | Noticed Erica
  9791 | Orc:1    | HP: 4/83 [poisoned by Erica (bolt of poison)]
  9797 | Orc:1    | Killed Erica
  9797 | Orc:1    | Reached XP level 11. HP: 26/90 MP: 11/11
  9847 | Orc:1    | Received a gift from Trog
 10719 | Orc:3    | Noticed Maurice
 10730 | Orc:3    | Killed Maurice
 10890 | Orc:4    | Entered Level 4 of the Orcish Mines
 11008 | Orc:4    | Found a staircase to the Elven Halls.
 11114 | Orc:4    | Noticed an orc high priest
 11116 | Orc:4    | HP: 3/91 [sixfirhy[an orc high priest] (7)]
 11118 | Orc:4    | Killed from afar by an orc high priest

Vault maps used:
D:1:      eino_arrival_druids_welcome, minmay_crystal_water
D:2:      wad_pebble_path, amethyst_overflow_temple_binary, minmay_unequal
D:3:      good_gods_temple_1, first_bread
D:4:      kennysheep_kobold_camp, grunt_temple_overflow_opulence,
          nicolae_overflow_hidden_temple
D:5:      kennysheep_little_box, grunt_ministairs_15, jiyva_altar_1,
          uniq_duvessa
D:6:      nicolae_whirlpool, gammafunk_temple_overflow_wave, uniq_eustachio
D:7:      kennysheep_mini, minmay_temple_entry_junction2, uniq_pikel
D:8:      special_room
D:9:      orc_0_dummy, hangedman_fish_farm
Orc:1:    serial_shops, nicolae_shop_statue_plus, mines1_david, uniq_erica,
          uniq_erolcha
Orc:2:    abandoned_shop, uniq_snorg
Orc:3:    nicolae_orc_pool_cavern, uniq_maurice
Orc:4:    grunt_orc_tribal_feast

Action                   |  1- 3 |  4- 6 |  7- 9 | 10-12 || total
-------------------------+-------+-------+-------+-------++-------
Melee: Hand axe          |   140 |   191 |   593 |       ||   924
       War axe           |       |       |     9 |   143 ||   152
       Flail             |       |       |       |   182 ||   182
       Broad axe         |       |       |       |   104 ||   104
Invok: Berserk           |     2 |     7 |    15 |    18 ||    42
       Trog's Hand       |       |     3 |     8 |     4 ||    15
       Brothers in Arms  |       |       |     1 |     1 ||     2
  Use: Scroll            |       |       |    11 |     2 ||    13
       Potion            |       |       |     1 |     3 ||     4
 Stab: Sleeping          |       |       |     1 |     1 ||     2
  Eat: Chunk             |     3 |    14 |    16 |    21 ||    54
       Beef jerky        |       |     1 |       |       ||     1
       Meat ration       |       |       |     2 |     1 ||     3
       Bread ration      |       |       |     1 |     1 ||     2
